2167 views
Uploaded 2025-03-10 02:59:42
Game version 1.00 (6115)
36:42 long 1on3 private game on (8)LegionsDemise
Saved by Alex11Chr
2167 views
Uploaded 2025-03-10 02:59:42
Game version 1.00 (6115)
36:42 long 1on3 private game on (8)LegionsDemise


145 units @ 23.4k
/ 3k
87 buildings @ 11.2k
/ 5.1k
Alex11Chr
(18)
(36:41) : 


| Scroll of Regeneration | 4 | 400 |
| Lesser Clarity Potion | 6 | 420 |
| Potion of Healing | 8 | 1200 |
| Potion of Mana | 5 | 1000 |
| Staff of Sanctuary | 3 | 750 |
| Orb of Fire | 2 | 650 |
| Scroll of Healing | 2 | 500 |
| Scroll of Town Portal | 3 | 1050 |
| Potion of Lesser Invulnerability | 1 | 150 |
| Healing Salve | 1 | 100 |
| total: | 35 | 6220g |
| Peasant | 22 | 1650 | / | 0 |
| Footman | 6 | 810 | / | 0 |
| Rifleman | 25 | 5125 | / | 750 |
| Draenei Disciple | 1 | 155 | / | 15 |
| total: | 54 | 7740g | / | 765w |
| Scout Tower | 11 | 330 | / | 220 |
| Arcane Tower | 6 | 420 | / | 300 |
| Altar of Kings | 1 | 180 | / | 50 |
| Barracks | 2 | 320 | / | 120 |
| Farm | 9 | 720 | / | 180 |
| Town Hall | 5 | 1925 | / | 1025 |
| Arcane Vault | 1 | 130 | / | 30 |
| Blacksmith | 1 | 140 | / | 60 |
| Cannon Tower | 3 | 360 | / | 300 |
| Workshop | 1 | 140 | / | 140 |
| Keep | 1 | 320 | / | 210 |
| Castle | 1 | 360 | / | 210 |
| total: | 31 | 3885g | / | 1825w |
| 0:05 | Peasant |
| 0:06 | Altar of Kings |
| 0:09 | Barracks |
| 0:12 | Peasant |
| 0:23 | Farm |
| 0:33 | Peasant |
| 0:45 | Peasant |
| 1:06 | Peasant |
| 1:11 | Footman |
| 1:20 | Farm |
| 1:27 | Peasant |
| 1:53 | Footman |
| 1:53 | Footman |
| 2:01 | Peasant |
| 2:18 | Farm |
| 2:20 | Peasant |
| 2:29 | Summon Water Elemental |
| 2:54 | Farm |
| 2:55 | Footman |
| 3:18 | Town Hall |
| 3:31 | Brilliance Aura |
| 3:38 | Footman |
| 3:40 | Peasant |
| 3:43 | Peasant |
| 4:08 | Footman |
| 4:11 | Arcane Vault |
| 4:32 | Blacksmith |
| 4:40 | Scout Tower |
| 4:43 | Peasant |
| 4:53 | Peasant |
| 4:56 | Peasant |
| 5:23 | Arcane Tower |
| 5:55 | Scroll of Regeneration |
| 5:58 | Lesser Clarity Potion |
| 6:08 | Rifleman |
| 6:11 | Peasant |
| 6:11 | Peasant |
| 6:13 | Peasant |
| 6:13 | Peasant |
| 6:42 | Rifleman |
| 6:44 | Barracks |
| 6:46 | Peasant |
| 7:00 | Summon Water Elemental |
| 7:13 | Potion of Healing |
| 7:13 | Potion of Mana |
| 8:03 | Keep |
| 8:04 | Rifleman |
| 8:29 | Lesser Clarity Potion |
| 8:29 | Healing Salve |
| 8:51 | Rifleman |
| 8:52 | Black Gunpowder |
| 8:52 | Studded Leather Armor |
| 8:56 | Farm |
| 8:57 | Farm |
| 9:51 | Rifleman |
| 9:58 | Rifleman |
| 10:02 | Brilliance Aura |
| 10:36 | Rifleman |
| 10:54 | Castle |
| 10:57 | Refined Gunpowder |
| 10:59 | Farm |
| 11:02 | Farm |
| 11:20 | Breath of Fire |
| 11:22 | Scroll of Healing |
| 11:23 | Potion of Lesser Invulnerability |
| 11:24 | Scroll of Healing |
| 11:33 | Scroll of Town Portal |
| 11:58 | Rifleman |
| 11:59 | Reinforced Leather Armor |
| 12:06 | Scout Tower |
| 12:30 | Rifleman |
| 12:32 | Rifleman |
| 12:38 | Arcane Tower |
| 14:01 | Drunken Haze |
| 14:55 | Rifleman |
| 14:56 | Imbued Gunpowder |
| 14:57 | Dragonhide Armor |
| 15:08 | Forked Lightning |
| 15:37 | Scroll of Regeneration |
| 15:42 | Potion of Healing |
| 15:42 | Potion of Mana |
| 15:43 | Scroll of Town Portal |
| 15:43 | Staff of Sanctuary |
| 15:46 | Lesser Clarity Potion |
| 15:48 | Potion of Healing |
| 15:56 | Potion of Healing |
| 15:56 | Potion of Mana |
| 16:04 | Orb of Fire |
| 16:32 | Draenei Disciple |
| 16:55 | Summon Water Elemental |
| 17:29 | Town Hall |
| 18:16 | Rifleman |
| 18:18 | Farm |
| 18:33 | Breath of Fire |
| 18:41 | Forked Lightning |
| 18:42 | Mana Shield |
| 19:32 | Rifleman |
| 19:34 | Rifleman |
| 19:50 | Scroll of Regeneration |
| 19:54 | Potion of Healing |
| 19:55 | Potion of Mana |
| 19:55 | Staff of Sanctuary |
| 20:01 | Scroll of Town Portal |
| 20:05 | Potion of Healing |
| 20:11 | Scroll of Regeneration |
| 20:12 | Lesser Clarity Potion |
| 21:21 | Rifleman |
| 21:22 | Rifleman |
| 21:22 | Rifleman |
| 21:39 | Peasant |
| 21:39 | Peasant |
| 21:39 | Peasant |
| 21:39 | Peasant |
| 21:58 | Staff of Sanctuary |
| 21:59 | Potion of Healing |
| 22:09 | Rifleman |
| 22:09 | Rifleman |
| 22:09 | Rifleman |
| 22:41 | Drunken Haze |
| 22:54 | Long Rifles |
| 23:46 | Lesser Clarity Potion |
| 23:49 | Orb of Fire |
| 23:54 | Potion of Mana |
| 23:56 | Potion of Healing |
| 24:31 | Town Hall |
| 24:32 | Town Hall |
| 24:34 | Town Hall |
| 24:38 | Scout Tower |
| 24:39 | Scout Tower |
| 24:42 | Scout Tower |
| 24:44 | Scout Tower |
| 24:48 | Workshop |
| 24:55 | Rifleman |
| 24:55 | Rifleman |
| 25:03 | Mana Shield |
| 25:06 | Mass Teleport |
| 25:13 | Arcane Tower |
| 25:15 | Arcane Tower |
| 25:19 | Scout Tower |
| 25:21 | Scout Tower |
| 25:23 | Scout Tower |
| 25:25 | Scout Tower |
| 25:29 | Arcane Tower |
| 25:35 | Scout Tower |
| 25:40 | Rifleman |
| 26:03 | Cannon Tower |
| 26:07 | Cannon Tower |
| 26:09 | Arcane Tower |
| 26:44 | Lesser Clarity Potion |
| 27:03 | Cannon Tower |
| 27:27 | Forked Lightning |
| 27:31 | Breath of Fire |
| 27:47 | Rifleman |
| 28:25 | Brilliance Aura |
| 29:08 | Rifleman |
| 31:34 | Tornado |
| 31:36 | Storm Earth and Fire |
| 33:50 | Blizzard |
| Right click | 730 |
| Select | 540 |
| Select group | 538 |
| Misc. action | 198 |
| Build/train/purchase | 196 |
| Use ability | 71 |
| Assign group | 54 |
| Resource trade | 16 |
| Item give/drop | 8 |
| Chat | 5 |
| Minimap ping | 3 |
| Esc | 2 |



| Orb of Fire | 1 | 325 |
| Scroll of Town Portal | 3 | 1050 |
| Periapt of Vitality | 3 | 975 |
| Circlet of Nobility | 3 | 525 |
| Healing Salve | 1 | 100 |
| total: | 11 | 2975g |
| Peasant | 12 | 900 | / | 0 |
| Footman | 6 | 810 | / | 0 |
| Rifleman | 21 | 4305 | / | 630 |
| Gryphon Rider | 13 | 3640 | / | 910 |
| total: | 52 | 9655g | / | 1540w |
| Scout Tower | 4 | 120 | / | 80 |
| Guard Tower | 2 | 140 | / | 100 |
| Arcane Tower | 2 | 140 | / | 100 |
| Farm | 13 | 1040 | / | 260 |
| Altar of Kings | 2 | 360 | / | 100 |
| Barracks | 1 | 160 | / | 60 |
| Lumber Mill | 2 | 240 | / | 0 |
| Blacksmith | 1 | 140 | / | 60 |
| Town Hall | 2 | 770 | / | 410 |
| Arcane Vault | 1 | 130 | / | 30 |
| Gryphon Aviary | 1 | 140 | / | 150 |
| Keep | 2 | 640 | / | 420 |
| Castle | 1 | 360 | / | 210 |
| total: | 27 | 3100g | / | 1150w |
| 0:02 | Peasant |
| 0:02 | Peasant |
| 0:03 | Peasant |
| 0:03 | Peasant |
| 0:05 | Farm |
| 0:22 | Altar of Kings |
| 0:26 | Altar of Kings |
| 1:01 | Barracks |
| 1:12 | Lumber Mill |
| 1:15 | Lumber Mill |
| 1:58 | Improved Lumber Harvesting |
| 2:02 | Peasant |
| 2:12 | Footman |
| 2:13 | Footman |
| 2:24 | Holy Light |
| 2:38 | Farm |
| 2:42 | Farm |
| 3:01 | Footman |
| 3:02 | Footman |
| 3:51 | Keep |
| 4:02 | Peasant |
| 4:02 | Peasant |
| 4:02 | Peasant |
| 4:13 | Footman |
| 4:13 | Footman |
| 4:17 | Blacksmith |
| 4:39 | Scout Tower |
| 4:49 | Farm |
| 5:16 | Scout Tower |
| 5:18 | Guard Tower |
| 5:28 | Divine Shield |
| 5:43 | Arcane Tower |
| 5:51 | Keep |
| 5:53 | Studded Leather Armor |
| 5:54 | Black Gunpowder |
| 5:56 | Rifleman |
| 5:56 | Rifleman |
| 7:29 | Healing Salve |
| 7:53 | Town Hall |
| 8:59 | Rifleman |
| 8:59 | Rifleman |
| 8:59 | Rifleman |
| 8:59 | Rifleman |
| 9:00 | Long Rifles |
| 9:02 | Refined Gunpowder |
| 9:02 | Reinforced Leather Armor |
| 9:14 | Holy Light |
| 9:38 | Peasant |
| 9:38 | Peasant |
| 10:44 | Summon Water Elemental |
| 11:30 | Periapt of Vitality |
| 11:30 | Circlet of Nobility |
| 11:41 | Scroll of Town Portal |
| 12:13 | Rifleman |
| 12:13 | Rifleman |
| 12:14 | Rifleman |
| 12:16 | Castle |
| 12:18 | Advanced Lumber Harvesting |
| 13:13 | Farm |
| 13:14 | Farm |
| 13:17 | Farm |
| 13:19 | Farm |
| 13:24 | Iron Forged Swords |
| 13:52 | Brilliance Aura |
| 14:49 | Divine Shield |
| 15:10 | Summon Water Elemental |
| 16:13 | Holy Light |
| 16:27 | Brilliance Aura |
| 16:45 | Imbued Gunpowder |
| 16:45 | Dragonhide Armor |
| 16:51 | Gryphon Aviary |
| 17:02 | Arcane Vault |
| 17:10 | Rifleman |
| 17:10 | Rifleman |
| 17:10 | Rifleman |
| 17:16 | Farm |
| 17:18 | Farm |
| 17:20 | Farm |
| 17:21 | Farm |
| 17:27 | Scout Tower |
| 17:29 | Scout Tower |
| 18:57 | Siphon Mana |
| 19:03 | Arcane Tower |
| 19:05 | Guard Tower |
| 19:06 | Steel Forged Swords |
| 19:36 | Peasant |
| 19:37 | Peasant |
| 19:51 | Orb of Fire |
| 20:00 | Scroll of Town Portal |
| 20:23 | Periapt of Vitality |
| 20:23 | Circlet of Nobility |
| 20:24 | Scroll of Town Portal |
| 21:17 | Town Hall |
| 21:41 | Storm Hammers |
| 21:42 | Gryphon Rider |
| 21:42 | Gryphon Rider |
| 22:11 | Mithril Forged Swords |
| 22:17 | Gryphon Rider |
| 22:18 | Gryphon Rider |
| 22:18 | Gryphon Rider |
| 22:18 | Gryphon Rider |
| 22:27 | Flame Strike |
| 22:47 | Rifleman |
| 22:47 | Rifleman |
| 22:47 | Rifleman |
| 22:47 | Rifleman |
| 22:49 | Farm |
| 23:40 | Summon Water Elemental |
| 23:44 | Resurrection |
| 25:27 | Flame Strike |
| 26:57 | Rifleman |
| 26:57 | Rifleman |
| 26:57 | Rifleman |
| 26:58 | Rifleman |
| 26:58 | Rifleman |
| 27:00 | Gryphon Rider |
| 27:00 | Gryphon Rider |
| 27:00 | Gryphon Rider |
| 27:00 | Gryphon Rider |
| 27:00 | Gryphon Rider |
| 27:00 | Gryphon Rider |
| 27:00 | Gryphon Rider |
| 27:31 | Siphon Mana |
| 28:50 | Mass Teleport |
| 28:55 | Divine Shield |
| 31:19 | Flame Strike |
| 35:40 | Periapt of Vitality |
| 35:40 | Circlet of Nobility |
| Right click | 604 |
| Select | 269 |
| Select group | 234 |
| Build/train/purchase | 152 |
| Use ability | 53 |
| Assign group | 16 |
| Minimap ping | 14 |
| Item give/drop | 4 |
| Esc | 1 |



| Potion of Healing | 8 | 1200 |
| Potion of Mana | 6 | 1200 |
| Lesser Clarity Potion | 5 | 350 |
| Scroll of Healing | 2 | 500 |
| Scroll of Protection | 1 | 150 |
| total: | 22 | 3400g |
| Peon | 12 | 900 | / | 0 |
| Grunt | 7 | 1400 | / | 0 |
| Troll Headhunter | 8 | 1120 | / | 160 |
| Troll Witch Doctor | 5 | 725 | / | 125 |
| Wind Rider | 3 | 795 | / | 120 |
| Kodo Beast | 4 | 1020 | / | 240 |
| total: | 39 | 5960g | / | 645w |
| Watch Tower | 15 | 1650 | / | 1200 |
| Altar of Storms | 2 | 360 | / | 100 |
| Orc Burrow | 6 | 960 | / | 240 |
| Barracks | 1 | 180 | / | 50 |
| War Mill | 1 | 205 | / | 0 |
| Voodoo Lounge | 1 | 130 | / | 30 |
| Great Hall | 1 | 385 | / | 185 |
| Spirit Lodge | 1 | 150 | / | 150 |
| Beastiary | 1 | 145 | / | 140 |
| Stronghold | 1 | 315 | / | 190 |
| Fortress | 1 | 325 | / | 190 |
| total: | 29 | 4165g | / | 2095w |
| 0:04 | Peon |
| 0:08 | Altar of Storms |
| 0:12 | Orc Burrow |
| 0:21 | Barracks |
| 0:29 | Peon |
| 0:42 | Peon |
| 0:58 | Peon |
| 1:09 | Peon |
| 1:34 | Orc Burrow |
| 1:45 | Grunt |
| 1:59 | Grunt |
| 2:14 | Healing Wave |
| 2:24 | War Mill |
| 2:40 | Grunt |
| 2:54 | Peon |
| 3:18 | Stronghold |
| 3:40 | Troll Headhunter |
| 3:49 | Orc Burrow |
| 4:16 | Troll Headhunter |
| 4:18 | Troll Headhunter |
| 4:33 | Voodoo Lounge |
| 4:46 | Orc Burrow |
| 4:51 | Hex |
| 5:15 | Watch Tower |
| 5:47 | Watch Tower |
| 5:56 | Peon |
| 5:57 | Peon |
| 6:45 | Potion of Healing |
| 6:45 | Potion of Mana |
| 6:56 | Potion of Healing |
| 7:03 | Chain Lighting |
| 7:11 | Grunt |
| 7:27 | Troll Headhunter |
| 7:38 | Lesser Clarity Potion |
| 8:04 | Lesser Clarity Potion |
| 8:16 | Troll Regeneration |
| 8:16 | Berserker Strength |
| 8:52 | Healing Wave |
| 9:07 | Potion of Healing |
| 9:07 | Potion of Mana |
| 9:33 | Troll Headhunter |
| 9:34 | Grunt |
| 9:38 | Lesser Clarity Potion |
| 9:45 | Fortress |
| 9:57 | Lesser Clarity Potion |
| 10:16 | Feral Spirit |
| 10:36 | Troll Headhunter |
| 10:42 | Steel Ranged Weapons |
| 10:43 | Steel Melee Weapons |
| 10:44 | Spiked Barricades |
| 11:03 | Watch Tower |
| 11:09 | Potion of Healing |
| 11:11 | Potion of Mana |
| 11:19 | Lesser Clarity Potion |
| 12:43 | Watch Tower |
| 12:59 | Great Hall |
| 13:03 | Summon Bear |
| 13:08 | Spirit Lodge |
| 13:16 | Reinforced Defenses |
| 13:19 | Steel Armor |
| 13:50 | Watch Tower |
| 14:09 | Improved Spiked Barricades |
| 14:12 | Troll Headhunter |
| 14:13 | Grunt |
| 15:01 | Hex |
| 15:16 | Chain Lighting |
| 15:18 | Summon Hawk |
| 15:40 | Troll Headhunter |
| 15:40 | Grunt |
| 15:44 | Orc Burrow |
| 15:45 | Witch Doctor Adept Training |
| 15:54 | Peon |
| 15:54 | Peon |
| 15:57 | Peon |
| 16:03 | Peon |
| 16:15 | Potion of Healing |
| 16:32 | Altar of Storms |
| 16:39 | Potion of Healing |
| 16:51 | Orc Burrow |
| 16:53 | Witch Doctor Master Training |
| 17:02 | Potion of Mana |
| 17:12 | Potion of Healing |
| 17:17 | Potion of Mana |
| 17:43 | Beastiary |
| 18:49 | Troll Witch Doctor |
| 18:49 | Troll Witch Doctor |
| 18:49 | Troll Witch Doctor |
| 18:50 | Troll Witch Doctor |
| 18:50 | Troll Witch Doctor |
| 18:59 | Envenomed Spears |
| 19:25 | Scroll of Healing |
| 19:26 | Scroll of Protection |
| 19:30 | Scroll of Healing |
| 19:40 | Potion of Healing |
| 19:40 | Potion of Mana |
| 19:59 | Wind Rider |
| 20:04 | Wind Rider |
| 20:38 | War Drums Damage Increase |
| 20:54 | Thorium Ranged Weapons |
| 21:18 | Kodo Beast |
| 21:22 | Kodo Beast |
| 21:59 | Summon Bear |
| 22:27 | Kodo Beast |
| 22:28 | Wind Rider |
| 22:29 | Kodo Beast |
| 23:06 | Thorium Armor |
| 23:43 | Feral Spirit |
| 24:01 | Healing Wave |
| 24:35 | Watch Tower |
| 24:42 | Watch Tower |
| 24:45 | Watch Tower |
| 24:50 | Watch Tower |
| 25:09 | Summon Hawk |
| 26:02 | Watch Tower |
| 26:05 | Watch Tower |
| 26:24 | Feral Spirit |
| 26:58 | Big Bad Voodoo |
| 27:09 | Summon Bear |
| 27:39 | Watch Tower |
| 27:43 | Watch Tower |
| 28:57 | Watch Tower |
| 29:48 | Watch Tower |
| 30:37 | Pillage |
| 32:40 | Earth Quake |
| 34:03 | Arcanite Armor |
| 34:03 | Thorium Melee Weapons |
| 34:03 | Arcanite Ranged Weapons |
| 35:40 | Stampede |
| Right click | 1881 |
| Select group | 801 |
| Select | 267 |
| Build/train/purchase | 158 |
| Use ability | 90 |
| Assign group | 65 |
| Item give/drop | 7 |
| Minimap ping | 5 |
| Misc. action | 2 |